 Dungeon Crawl Stone Soup version 0.31-a0-1001-g770356a28f (webtiles) character file.

Game seed: 17441025285084631707

48 Maratek the Trooper (level 3, -2/33 HPs)
             Began as a Draconian Fighter on Nov 8, 2023.
             Slain by Natasha (5 damage)
             ... on level 2 of the Dungeon.
             The game lasted 00:00:44 (703 turns).

Maratek the Trooper (Draconian Fighter)              Turns: 703, Time: 00:00:45

Health: -2/33      AC:  5    Str: 20    XL:     3   Next: 50%
Magic:  3/3        EV: 12    Int:  8    God:
Gold:   105        SH:  4    Dex: 10    Spells: 2/2 levels left

rFire   . . .        a - +0 trident
rCold   . . .        b - +0 buckler
rNeg    . . .        (body armour unavailable)
rPois   .            (helmet restricted)
rElec   .            (no cloak)
rCorr   .            (no gloves)
SInv    .            (no boots)
Will    .....        (no amulet)
Stlth   +            (no ring)
HPRegen 0.25/turn    (no ring)
MPRegen 0.08/turn

%: no passive effects
@: slowed, very slow
A: AC +5, unfitting armour, cold-blooded
a: no special abilities


You were on level 2 of the Dungeon.
You visited 1 branch of the dungeon, and saw 2 of its levels.

You collected 105 gold pieces.

Inventory:

Hand Weapons
 a - a +0 trident (weapon)
Armour
 b - a +0 buckler (worn)
Scrolls
 d - a scroll of enchant armour {unknown}
Potions
 c - 2 potions of might
 e - a potion of curing {unknown}
 f - a potion of haste {unknown}


   Skills:
 + Level 4.0 Fighting
 + Level 2.5 Polearms
 + Level 2.8 Dodging
 + Level 0.4 Stealth
 + Level 3.3 Shields


You had 2 spell levels left.
You didn't know any spells.
Your spell library contained the following spells:

 Spells                   Type           Power      Damage    Failure   Level
 Lesser Beckoning         Tloc           0%         N/A       63%         2
 Gell's Gravitas          Tloc           0%         N/A       85%         3
 Teleport Other           Tloc           0%         N/A       85%         3


Dungeon Overview and Level Annotations

Branches:
Dungeon (2/15)

Altars:

Annotations:
D:2 Natasha


Innate Abilities, Weirdness & Mutations

Your plain brown scales are hard. (AC +5)
You cannot fit into any form of body armour.
You are cold-blooded and may be slowed by cold attacks.


Message History

You are too injured to fight recklessly!
You are too injured to fight recklessly!
You are too injured to fight recklessly!
You are too injured to fight recklessly!
You are too injured to fight recklessly!
You are too injured to fight recklessly!
You are too injured to fight recklessly!
You are too injured to fight recklessly!
You are too injured to fight recklessly!
You are too injured to fight recklessly!
You are too injured to fight recklessly!
You are too injured to fight recklessly!
You are too injured to fight recklessly!
You are too injured to fight recklessly!
You are too injured to fight recklessly!
Natasha is nearby!
You hit Natasha.
Your tail-slap misses Natasha.
Natasha is moderately wounded.
Natasha zaps a wand.
The puff of flame hits you.
* * * LOW HITPOINT WARNING * * *
Natasha mumbles some strange words.
You completely miss Natasha. You tail-slap Natasha.
Natasha is heavily wounded.
You block Natasha's attack. Natasha barely misses you.
The cerulean imp completely misses you.
You hit Natasha but do no damage.
Natasha is heavily wounded.
Natasha claws you but does no damage. The cerulean imp barely misses you.
Natasha casts a spell.
The cerulean imp hits you but does no damage.
You hit Natasha but do no damage.
Natasha is heavily wounded.
Natasha barely misses you.
The cerulean imp hits you from afar with a +2 spear.
* * * LOW HITPOINT WARNING * * *
The cerulean imp hits you with a +2 spear.
* * * LOW HITPOINT WARNING * * *
Natasha claws you.
You die...
Natasha begins licking her fur clean.

#...###### .....^.<.#
#...####.##
..§.###.#.####
§≈§≈...###...#
#.§.#.#.#.##.#
.≈§§.≈##.###.#
..#...##.###.######.####
.≈.≈.≈.......†.5@h5.....
#...#.##.#####.########.
.≈.≈.≈##.# #.#
§.#...##.# #.#
.≈.≈.≈.#.# #.#
#.§.#..#.# #.#
.≈.≈.≈.#.# #.#
..#......# #.#
.≈.§.≈####


You could see Natasha and 2 cerulean imps.

Vanquished Creatures
  Natasha (D:2)
  2 dart slugs (D:1)
  2 endoplasms (D:1)
  A giant cockroach (D:1)
  A goblin (D:1)
  A hobgoblin (D:1)
  3 kobolds (D:1)
  A quokka (D:1)
  3 ball pythons (D:1)
  2 bats
  A frilled lizard (D:1)
  A rat (D:1)
19 creatures vanquished.

Notes
Turn   | Place    | Note
-------+----------+-------------------------------------------
     0 | D:1      | Maratek the Draconian Fighter began the quest for the Orb.
     0 | D:1      | Reached XP level 1. HP: 19/19 MP: 1/1
   178 | D:1      | Reached XP level 2. HP: 26/27 MP: 2/2
   672 | D:2      | Noticed Natasha
   679 | D:2      | Killed Natasha
   680 | D:2      | Reached skill level 4 in Fighting
   680 | D:2      | Reached XP level 3. HP: 17/33 MP: 3/3
   693 | D:2      | Noticed Natasha
   703 | D:2      | Slain by Natasha

Illustrated notes

Levels and vault maps discovered:
D:1:      dpeg_arrival_shelter, layout_loops_cross, skrybe_limestone_x
D:2:      layout_loops_ring, basic_altar, kennysheep_crisscross, uniq_natasha

Skill      XL: |  1  2 |
---------------+-------+-----
Fighting       | 4 |  4.0
Polearms       | |  2.5
Dodging        | |  2.8
Stealth        | |  0.4
Shields        | |  3.3

Action                     || total
---------------------------++-------
  Melee: Trident           ||    55
         Tailslap          ||     3
   Stab: Sleeping          ||     3
 Armour: Skin              ||    26
  Dodge: Dodged            ||    26
  Block: Buckler           ||     7

Table legend: (Time is in decaauts)
 A = Elapsed time spent in this place.
 B = Non-inter-level travel time spent in this place.
 C = Inter-level travel time spent in this place.
 D = Time resting spent in this place.
 E = Time spent auto-exploring this place.
 F = Levels seen in this place.
 G = Mean time per level.
                   A        B        C        D        E       F      G
               +--------+--------+--------+--------+--------+-----+--------+
         Total |    718 |    714 |      4 |      0 |    578 |   2 |  359.0 |
       Dungeon |    718 |    714 |      4 |      0 |    578 |   2 |  359.0 |
               +--------+--------+--------+--------+--------+-----+--------+

Top non-repeatable levels by time:
     D:1: 621 daAuts
     D:2: 96 daAuts
